AoeStats
← Henrik

Black Forest

510191379Analyzed
2v2 RM · 2d ago on Sep 29, 2026· 58m 28s· 4 players
Game mode
Random Map
Map size
Medium (4 player)
Population
200
Speed
Normal
Resources
Standard
Victory
Conquest
Starting age
Dark Age
Ending age
Imperial Age
RankedLock teamsTeams togetherTeam positionsShared explorationLock speedFull tech treeHidden civsTurbo modeCheats
Victory
Defeat
🇨🇳 Goths · China
864
+13
🇨🇳 Portuguese · China
834
+14
🇨🇭 Lithuanians · Switzerland
810
-14
🇺🇸 Teutons · United States
787
-13
iTrainnn
0:25 Loom
13:23 Feudal Age
13:51 Double-Bit Axe
15:33 Gold Mining
23:00 Castle Age
22:08 Scale Mail Armor
22:18 Forging
23:07 Horse Collar
26:12 Stone Mining
26:36 Bow Saw
27:12 Iron Casting
26:52 Chain Mail Armor
29:35 Stone Shaft Mining
29:06 Guard Tower
34:18 Imperial Age
37:00 Crenellations
37:24 Heavy Plow
37:59 Elite Teutonic Knight
42:32 Blast Furnace
pigmeroid
0:54 Loom
13:32 Feudal Age
13:59 Horse Collar
14:08 Double-Bit Axe
21:12 Castle Age
22:05 Heavy Plow
22:20 Bow Saw
22:53 Fletching
26:13 Wheelbarrow
25:24 Town Watch
26:05 Fortified Wall
26:45 Bodkin Arrow
28:05 Hand Cart
31:26 Town Patrol
34:31 Imperial Age
32:38 Ballistics
35:40 Conscription
36:43 Chemistry
35:54 Thumb Ring
35:12 Elite Skirmisher
37:01 Bracer
37:07 Scale Barding Armor
37:13 Forging
37:42 Caravan
37:33 Elite Leitis
38:15 Tower Shields
38:40 Murder Holes
40:55 Chain Barding Armor
41:44 Husbandry
41:56 Bloodlines
42:39 Padded Archer Armor
43:18 Plate Barding Armor
47:43 Iron Casting
Henrik
12:14 Loom
14:35 Feudal Age
14:58 Horse Collar
15:04 Double-Bit Axe
16:06 Stone Mining
27:19 Castle Age
27:32 Bloodlines
28:01 Heavy Plow
29:02 Bow Saw
29:47 Pikeman
30:16 Gambesons
32:20 Crossbowman
33:06 Thumb Ring
33:13 Gold Mining
35:06 Stone Shaft Mining
36:10 Forging
38:48 Imperial Age
37:06 Elite Skirmisher
40:09 Wheelbarrow
40:43 Chemistry
41:12 Crop Rotation
41:29 Conscription
41:39 Hand Cart
42:36 Fortified Wall
44:43 Arquebus
44:21 Halberdier
44:28 Onager
45:48 Ballistics
45:51 Murder Holes
48:18 Elite Organ Gun
50:33 Caravan
50:45 Guilds
Letty
0:37 Loom
12:41 Feudal Age
18:46 Wheelbarrow
21:45 Castle Age
20:11 Fishing Lines
20:19 Double-Bit Axe
20:41 Horse Collar
23:37 Bow Saw
25:53 Gillnets
28:22 Caravan
28:31 Caravan
29:47 Gold Mining
33:20 Imperial Age
31:31 Anarchy
32:29 Coinage
32:22 Hand Cart
32:11 Town Watch
35:07 Chemistry
34:20 Forging
34:10 Scale Mail Armor
34:02 Fletching
34:13 Padded Archer Armor
34:34 Squires
34:49 Heavy Plow
34:24 Pikeman
35:35 Conscription
36:59 Two-Man Saw
37:19 Crop Rotation
36:29 Elite Skirmisher
36:56 Halberdier
38:51 Iron Casting
38:32 Chain Mail Armor
38:40 Ballistics
40:13 Bodkin Arrow
40:38 Leather Archer Armor
41:29 Perfusion
Connection lost

Rejoining the realm…

Still unreachable

The connection could not be restored.

Session expired

The server has moved on; the page needs a fresh start.